 Dungeon Sprint DCSS version 0.14-a0-2810-g474977d (webtiles) character file.

280 Froboctopus the Hoplite (level 6, -6/41 HPs)
             Began as a Gargoyle Fighter on Feb 25, 2014.
             Was a Believer of the Shining One.
             Mangled by a hill giant
             ... wielding a +0,+0 giant spiked club
              (26 damage)
             ... in the Dungeon (Sprint IX: "|||||||||||||||||||||||||||||").
             The game lasted 00:01:51 (336 turns).

Froboctopus the Hoplite (Gargoyle Fighter)           Turns: 336, Time: 00:01:51

HP  -6/41        AC 24     Str 21      XL: 6   Next: 27%
MP   6/6         EV  8     Int  9      God: the Shining One [**....]
Gold 0           SH 22     Dex  9      Spells:  0 memorised,  5 levels left

rFire  . . .     SeeInvis .     b - +2 morningstar (protect)
rCold  . . .     Clarity  .     q - +1 chain mail
rNeg   + + .     Conserve .     c - +0 shield
rPois  +         rCorr    .     (no helmet)
rElec  +         rRot     +     (no cloak)
SustAb . .       Spirit   .     (no gloves)
rMut   .         Warding  .     p - +0 pair of boots
Saprov . . .     NoTele   +     (no amulet)
MR     .....                    s - +2 ring of protection
                                r - +2 ring of evasion

@: glowing, not resistant to hostile enchantments, extremely unstealthy
A: life protection 1, electricity resistance, unbreathing, petrification
resistance, AC +4
a: Divine Shield, Renounce Religion


You were in the Dungeon.
You worshipped the Shining One.
The Shining One was pleased with you.
You were not hungry.

You visited 1 branch

Inventory:

Hand weapons
 b - a +2,+2 morningstar of protection (weapon)
Armour
 c - a +0 shield (worn)
 p - a +0 pair of boots (worn)
 q - a +1 chain mail (worn)
Magical devices
 o - a wand of cold (7)
Comestibles
 d - a bread ration
 k - 6 chunks of centaur flesh
Scrolls
 j - 2 scrolls of blinking
 m - 3 scrolls of remove curse
 n - 2 scrolls of amnesia
Jewellery
 r - a +2 ring of evasion (left hand)
 s - a +2 ring of protection (right hand)
Potions
 e - 5 potions of curing
 f - 3 potions of heal wounds
 g - a potion of speed
 h - 4 potions of magic
 i - a potion of berserk rage
 l - a potion of invisibility


   Skills:
 + Level 6.1 Fighting
 * Level 7.6 Maces & Flails
 * Level 8.1 Armour
 * Level 8.2 Shields


You had 5 spell levels left.
You didn't know any spells.

Dungeon Overview and Level Annotations

Branches:
Dungeon (1/1)

Altars:
Ashenzari
Cheibriados
Dithmenos
Elyvilon
Fedhas
Kikubaaqudgha
Makhleb
Nemelex Xobeh
Okawaru
Sif Muna
Trog
Vehumet
Xom
Yredelemnul
Zin
The Shining One


Innate Abilities, Weirdness & Mutations

You are resistant to torment.
You are immune to poison.
Your stone body is very resilient (AC +4).
You resist negative energy.
You are resistant to electric shocks.
You can survive without breathing.
You are immune to petrification.


Message History

You block the hill giant's attack.
You hit the hill giant.
The hill giant is moderately wounded.
You completely miss the hill giant.
The hill giant is moderately wounded.
You block the hill giant's attack.
You hit the hill giant.
The hill giant is moderately wounded.
You block the hill giant's attack.
You puncture the hill giant!
The hill giant is moderately wounded.
The hill giant hits you with a giant spiked club.
You puncture the hill giant!
The hill giant is heavily wounded.
The hill giant hits you with a giant spiked club!
You sock the hill giant!
The hill giant is severely wounded.
The hill giant hits you with a giant spiked club!
Ouch! That really hurt!
You die... ▓▓▓▓▓▓▓▓▓▓▓▓▓▓▓▓▓▓▓▓▓▓▓▓▓ +.coCJ*C@....%%..[[.)|..' ▓▓▓▓▓▓▓▓▓▓▓▓▓▓▓▓▓▓▓▓▓▓▓▓▓

You could see 2 hill giants, a centaur warrior, a jelly, an orc and a giant spore.

Vanquished Creatures
  A centaur (D)
  A big kobold (D)
  A hound (D)
  An iguana (D)
  A worker ant (D)
  An orc wizard (D)
  2 giant geckos (D)
  A goblin (D)
  A hobgoblin (D)
  A kobold (D)
  A giant cockroach zombie (D)
  A giant newt (D)
  A hobgoblin skeleton (D)
  2 rats (D)
16 creatures vanquished.

Notes
Turn   | Place    | Note
--------------------------------------------------------------
     0 | D        | Froboctopus, the Gargoyle Fighter, began the quest for the Orb.
     0 | D        | Reached XP level 1. HP: 14/14 MP: 1/1
    14 | D        | Reached skill level 4 in Shields
    65 | D        | Noticed a centaur
    65 | D        | Noticed an orc wizard
    68 | D        | Reached XP level 2. HP: 19/19 MP: 2/2
   110 | D        | Killed an orc wizard
   110 | D        | Reached skill level 5 in Armour
   110 | D        | Reached skill level 5 in Shields
   110 | D        | Reached XP level 3. HP: 19/24 MP: 3/3
   127 | D        | Killed a centaur
   127 | D        | Reached skill level 5 in Fighting
   127 | D        | Reached skill level 5 in Maces & Flails
   127 | D        | Reached skill level 6 in Armour
   127 | D        | Reached XP level 4. HP: 22/31 MP: 4/4
   127 | D        | Reached XP level 5. HP: 24/35 MP: 5/5
   139 | D        | Found a shadowy altar of Dithmenos.
   139 | D        | Found a deep blue altar of Sif Muna.
   139 | D        | Found a bloodstained altar of Trog.
   139 | D        | Found a burning altar of Makhleb.
   139 | D        | Found a glowing golden altar of the Shining One.
   139 | D        | Found a blossoming altar of Fedhas.
   139 | D        | Found a basalt altar of Yredelemnul.
   140 | D        | Found a shadowy altar of Dithmenos.
   141 | D        | Found a snail-covered altar of Cheibriados.
   142 | D        | Found a sparkling altar of Nemelex Xobeh.
   143 | D        | Found an ancient bone altar of Kikubaaqudgha.
   144 | D        | Found a shimmering altar of Xom.
   145 | D        | Found a glowing silver altar of Zin.
   146 | D        | Found a shattered altar of Ashenzari.
   147 | D        | Found a white marble altar of Elyvilon.
   152 | D        | Found a radiant altar of Vehumet.
   153 | D        | Found an iron altar of Okawaru.
   154 | D        | Found a deep blue altar of Sif Muna.
   244 | D        | Became a worshipper of the Shining One
   268 | D        | Noticed a hound
   268 | D        | Noticed a big kobold
   268 | D        | Noticed a worker ant
   268 | D        | Noticed an iguana
   268 | D        | Acquired the Shining One's first power
   272 | D        | Killed an iguana
   276 | D        | Killed a worker ant
   276 | D        | Reached skill level 7 in Armour
   287 | D        | Killed a big kobold
   287 | D        | Reached XP level 6. HP: 34/41 MP: 6/6
   293 | D        | Killed a hound
   293 | D        | Reached skill level 8 in Armour
   328 | D        | Noticed a centaur warrior
   328 | D        | Noticed a hill giant
   328 | D        | Noticed a jelly
   328 | D        | Acquired the Shining One's second power
   328 | D        | Noticed a hill giant
   336 | D        | Mangled by a hill giant

Action                   |  1- 3 |  4- 6 || total
-------------------------+-------+-------++-------
Melee: Mace              |    47 |       ||    47
       Morningstar       |       |    34 ||    34
